Map: Nightshade LE

Players

YoutubeTY (TY) - Winner!

  • Race: Terran Terran
  • League: Diamond
  • Spawn Location: 11:00

Vanya

  • Race: Zerg Zerg
  • Spawn Location: 5:00

Event: Shopify TSL 5

VOD

Have the link to the VOD?

Description

Time

  • Played on: May 16, 2020, 10:36 a.m.
  • Length: 10:38

All games in this series

Show
View Real Time Build Order
Export as new Build Order

YoutubeTY Terran - Winner!

Build Orders: Reaper Expand, Hellion Banshee 

Get SALT Encoding   

  12  0:01  SCV  
  13  0:13  SCV  
  14  0:17  Supply Depot  
  14  0:25  SCV  
  15  0:39  SCV  
  15  0:42  Barracks  
  16  0:44  Refinery  
  16  0:51  SCV  
  17  1:03  SCV  
  18  1:15  SCV  
  19  1:29  Reaper  
  19  1:31  Orbital Command  
  20  1:39  Command Center  
  20  1:49  Supply Depot  
  20  1:57  SCV  
  20  2:01  Marine  
  22  2:07  Factory  
  22  2:09  SCV  
  23  2:18  Marine  
  23  2:21  SCV  
  25  2:33  SCV  
  26  2:37  Barracks Reactor  
  26  2:45  SCV  
  26  2:50  Command Center  
  27  2:56  Orbital Command  
  28  3:01  Starport  
  28  3:04  SCV  
  28  3:16  SCV  
  28  3:18  Hellion  
  28  3:19  Refinery  
  33  3:20  Hellion  
  33  3:23  SCV  
  33  3:25  Barracks Tech Lab  
  34  3:29  SCV  
  35  3:35  SCV  
  35  3:40  Hellion  
  35  3:41  SCV, Hellion  
  41  3:47  Banshee  
  44  3:49  SCV  
  44  3:51  Barracks Tech Lab  
  44  3:53  SCV  
  46  4:02  SCV  
  47  4:03  Orbital Command  
  47  4:05  SCV  
  47  4:07  Hellion x2  
  47  4:08  Cloaking Field  
  52  4:11  Marine  
  52  4:14  SCV  
  54  4:20  SCV  
  54  4:22  Supply Depot  
  55  4:26  SCV  
  55  4:27  Supply Depot  
  55  4:30  SCV, Banshee  
  60  4:32  SCV  
  61  4:44  Hellion x2  
  65  4:45  SCV  
  65  4:46  Marine  
  65  4:49  SCV  
  66  4:55  SCV  
  67  5:02  Barracks x2  
  67  5:04  Marine  
  67  5:05  SCV x2, Hellion x2  
  74  5:07  Supply Depot  
  74  5:13  Banshee  
  69  5:23  SCV x2  
  69  5:27  Hellion x2, Marine  
  72  5:31  SCV  
  72  5:35  SCV x2  
  65  5:43  SCV  
  65  5:47  SCV  
  64  5:51  Engineering Bay  
  64  5:58  SCV, Stimpack  
  64  6:04  Refinery  
  66  6:05  Barracks Reactor  
  66  6:06  Marine x3  
  66  6:07  SCV  
  66  6:09  Orbital Command  
  69  6:12  Engineering Bay  
  69  6:13  Starport Reactor  
  69  6:14  Supply Depot  
  69  6:16  SCV  
  70  6:19  SCV  
  70  6:20  Siege Tank  
  70  6:24  Marine x2  
  76  6:28  SCV  
  76  6:31  SCV, Marine  
  76  6:32  Barracks x2  
  79  6:34  SCV  
  79  6:37  Supply Depot  
  80  6:40  SCV  
  80  6:42  Marine x4  
  80  6:43  SCV  
  86  6:49  Marine  
  79  6:55  Siege Tank  
  79  6:57  SCV x2  
  83  7:01  Marine  
  83  7:02  Marine  
  83  7:08  Medivac x2  
  89  7:10  Barracks, SCV x2  
  89  7:11  SCV, Refinery  
  89  7:12  Barracks  
  89  7:13  Barracks, Marine x3  
  92  7:16  Supply Depot  
  92  7:17  Supply Depot  
  92  7:19  Marine  
  92  7:22  SCV x2, Terran Infantry Weapons Level 1  
  95  7:24  Marine, Terran Infantry Armor Level 1  
  95  7:27  SCV  
  99  7:30  Marine x2, Supply Depot  
  99  7:35  Marine  
  99  7:36  Barracks Reactor x2, Supply Depot  
  100  7:37  Marine  
  100  7:38  Supply Depot  
  100  7:39  Supply Depot  
  100  7:40  Supply Depot  
  100  7:41  SCV x3  
  104  7:45  Marine  
  104  7:48  Marine x2  
  107  7:53  SCV x2  
  107  7:55  Siege Tank  
  107  7:56  Marine x3  
  115  8:00  Missile Turret  
  115  8:03  Marine x3  
  119  8:06  Marine x2  
  119  8:10  Medivac  
  122  8:14  Marine x3  
  122  8:17  Marine x4  
  126  8:20  Marine  
  126  8:21  Marine x2  
  126  8:23  Medivac  
  126  8:24  Marine x2  
  133  8:27  Armory  
  133  8:29  Supply Depot  
  133  8:32  Marine x3  
  133  8:33  Siege Tank  
  139  8:35  Marine x2  
  139  8:39  Marine  
  139  8:40  Marine x4  
  146  8:42  Marine x2  
  148  8:49  Marine  
  148  8:50  Marine x2  
  148  8:52  Marine  
  148  8:53  Marine  
  153  8:57  Marine x2  
  153  8:58  Marine x3, Medivac  
  153  8:59  Marine  
  153  9:00  Marine  
  162  9:03  Combat Shield  
  162  9:06  Siege Tank  
  162  9:08  Supply Depot  
  162  9:09  Supply Depot  
  165  9:18  Marine  
  165  9:19  Marine, Supply Depot  
  165  9:20  Marine  
  164  9:32  Missile Turret, Marine x9  
  164  9:36  Marine  
  164  9:37  Marine  
  164  9:38  Marine  
  175  9:39  Siege Tank  
  179  9:50  Marine x6  
  185  9:53  Marine x3  
  185  9:54  Marine  
  185  9:59  Supply Depot  
  189  10:15  Command Center  
Show
View Real Time Build Order
Export as new Build Order

Vanya Zerg 

Build Orders: Hatch First 

Get SALT Encoding   

  12  0:00  Drone  
  13  0:13  Overlord  
  13  0:17  Drone  
  14  0:32  Drone x2  
  16  0:48  Hatchery  
  15  0:51  Drone  
  15  0:55  Drone  
  17  0:58  Drone  
  18  1:09  Extractor  
  17  1:13  Spawning Pool  
  17  1:16  Drone  
  17  1:19  Drone  
  18  1:28  Drone  
  19  1:39  Drone  
  20  1:50  Overlord  
  20  2:00  Queen x2  
  20  2:01  Zergling x4  
  26  2:12  Drone x2  
  26  2:15  Metabolic Boost  
  28  2:21  Extractor  
  27  2:23  Drone x2  
  29  2:33  Drone  
  30  2:40  Hatchery  
  30  2:46  Queen  
  31  2:52  Overlord  
  31  2:54  Drone  
  32  2:58  Drone  
  32  3:01  Drone  
  32  3:03  Drone  
  35  3:20  Drone x2  
  35  3:21  Drone x4  
  35  3:23  Drone x2  
  43  3:28  Extractor, Roach Warren  
  43  3:30  Overlord  
  41  3:35  Zergling x4  
  41  3:40  Overlord  
  43  3:56  Overlord  
  43  4:09  Roach x8  
  59  4:11  Zergling x2  
  60  4:19  Roach x2  
  60  4:21  Overlord  
  60  4:22  Zergling x6  
  67  4:28  Roach x2  
  71  4:36  Overlord  
  71  4:39  Zergling x4  
  72  4:48  Zergling x10  
  75  4:53  Zergling x6  
  78  5:00  Zergling x2, Ravager x2  
  78  5:01  Zergling x10  
  84  5:09  Ravager  
  84  5:10  Zergling x6  
  83  5:19  Drone x4  
  81  5:22  Drone  
  81  5:25  Drone  
  81  5:26  Ravager  
  81  5:27  Drone  
  76  5:29  Drone x2  
  76  5:30  Drone  
  76  5:32  Drone  
  70  5:37  Queen  
  70  5:41  Queen  
  70  5:42  Drone x2  
  65  5:44  Drone x2  
  65  5:46  Drone  
  63  5:54  Lair  
  63  5:56  Extractor  
  60  5:57  Zergling x8  
  60  6:00  Spore Crawler  
  60  6:01  Spore Crawler  
  60  6:04  Spore Crawler  
  61  6:12  Zergling x12  
  61  6:13  Zergling x2  
  61  6:14  Zergling x2  
  61  6:16  Zergling x2  
  70  6:22  Drone  
  70  6:23  Drone x2  
  70  6:24  Drone  
  74  6:30  Overlord  
  74  6:31  Drone  
  74  6:34  Drone  
  74  6:38  Extractor, Drone x3  
  77  6:41  Drone x3  
  78  6:49  Overlord  
  78  6:50  Drone  
  78  6:51  Drone x2  
  73  6:55  Drone  
  73  6:56  Drone x3  
  73  6:57  Overseer  
  73  6:59  Extractor  
  73  7:00  Extractor  
  73  7:05  Drone x2  
  73  7:08  Queen  
  70  7:15  Roach x7  
  84  7:21  Evolution Chamber, Drone x2  
  84  7:22  Evolution Chamber  
  83  7:30  Drone x2  
  83  7:37  Drone x4  
  87  7:39  Hatchery  
  87  7:40  Drone  
  89  7:47  Glial Reconstitution  
  89  7:48  Zerg Missile Weapons Level 1, Zerg Ground Armor Level 1  
  89  7:51  Roach x2  
  93  7:58  Overlord  
  93  8:02  Roach  
  93  8:03  Roach x4  
  93  8:04  Ravager x2  
  105  8:09  Overlord  
  105  8:19  Roach x5  
  113  8:21  Overlord  
  113  8:23  Overlord  
  113  8:26  Overlord  
  113  8:30  Roach x4  
  113  8:32  Overlord  
  121  8:38  Overlord  
  121  8:40  Overlord  
  121  8:41  Roach x2  
  121  8:47  Overseer  
  119  8:49  Overlord  
  119  8:50  Roach  
  119  8:51  Roach  
  122  8:58  Roach x5  
  127  9:04  Ravager  
  127  9:06  Ravager x2  
  127  9:07  Ravager x10  
  139  9:17  Roach x5  
  147  9:27  Zergling x16  
  155  9:35  Zergling x10  
  160  9:40  Zergling x4  
  160  9:42  Ravager x3  
  165  9:48  Overlord  
  165  9:55  Roach x2  
  169  10:03  Hatchery  
  169  10:04  Overlord  
  168  10:08  Roach x4  
  176  10:15  Ravager  
  176  10:16  Overlord  
Tags
 
Add a new tag
Caveats
  • Supply blocks, unpowered buildings, or Contaminate may cause inaccurate times.
  • Supply counts are checked every 10 seconds.